 Dungeon Crawl Stone Soup version 0.31-a0-1570-g93c622d222 (webtiles) character file.

Game seed: 1737181504623616063

515 grandjackal the Trooper (level 7, -5/63 HPs)
             Began as a Ghoul Monk on Jan 3, 2024.
             Slain by a steam dragon (6 damage)
             ... on level 7 of the Dungeon.
             The game lasted 00:03:45 (2845 turns).

grandjackal the Trooper (Ghoul Monk)                Turns: 2845, Time: 00:03:45

Health: -5/63      AC:  8    Str: 15    XL:     7   Next: 20%
Magic:  7/7        EV: 12    Int: 11    God:
Gold:   164        SH:  0    Dex: 17    Spells: 6/6 levels left

rFire   . .          .
                       - Unarmed
rCold   + . .        c - orb {light}
rNeg    + + +        j - +0 ring mail
rPois   ∞            s - +0 helmet
rElec   .            v - +0 cloak
rCorr   .            (no gloves)
SInv    .            i - +0 pair of boots
Will    .....        u - amulet of the acrobat
Stlth   +            f - +6 ring of dexterity
HPRegen 0.00/turn    (no ring)
MPRegen 0.10/turn

%: acrobat
@: mighty, inhibited regen, glowing
A: claws 1, cold resistance 1, negative energy resistance 3, inhibited
regeneration, torment resistance 2, devour on kill
a: no special abilities


You were on level 7 of the Dungeon.
You visited 2 branches of the dungeon, and saw 6 of its levels.

You collected 164 gold pieces.

Inventory:

Armour
 c - an orb of light (worn)
 i - a +0 pair of boots (worn)
 j - a +0 ring mail (worn)
 s - a +0 helmet (worn)
 v - a +0 cloak (worn)
Jewellery
 f - a +6 ring of dexterity (left claw)
 u - an amulet of the acrobat (around neck)
Wands
 r - a wand of paralysis (1)
Scrolls
 a - a scroll of enchant armour {unknown}
 d - a scroll of enchant weapon {unknown}
 h - 3 scrolls of identify {unknown}
 l - a scroll of immolation {unknown}
 m - a scroll of teleportation {unknown}
 o - a scroll of torment {unknown}
 t - a scroll of amnesia {unknown}
 w - a scroll of butterflies {unknown}
Potions
 g - a potion of cancellation {unknown}
 k - 3 potions of attraction {unknown}
 p - a potion of berserk rage {unknown}
 q - a potion of degeneration {unknown}


   Skills:
 + Level 6.0 Fighting
 - Level 4.0 Dodging
 + Level 6.0 Unarmed Combat


You had 6 spell levels left.
You didn't know any spells.
Your spell library was empty.

Dungeon Overview and Level Annotations

Branches:
Dungeon (7/15)             Temple (1/1) D:7

Altars:
Cheibriados
Fedhas
Nemelex Xobeh
Okawaru
Sif Muna
Uskayaw

Annotations:
D:7 Jeremiah


Innate Abilities, Weirdness & Mutations

You are immune to poison.
You have sharp fingernails.
Your flesh is cold resistant. (rC+)
You are immune to negative energy. (rN+++)
You do not regenerate when monsters are visible.
You are immune to unholy pain and torment.
You thrive by killing the living.


Message History

Something smites you!
* * * LOW HITPOINT WARNING * * *
Unknown command.
The butterfly disappears in a burst of colours! x2
The butterfly disappears in a burst of colours!
You are confused.
You feel invigorated.
The butterfly disappears in a burst of colours!
You bump into the rock wall.
You feel less invigorated.
You feel less confused.
Found 6 stones.
The butterfly disappears in a burst of colours!
You see here 6 stones.
Found a staircase to the Ecumenical Temple.
Found an escape hatch in the floor.
There is a staircase to the Ecumenical Temple here.
You climb downwards.
Welcome to the Ecumenical Temple!
Found a hide-covered altar of Uskayaw and a sparkling altar of Nemelex Xobeh.
Found a staircase back to the Dungeon.
There is a staircase back to the Dungeon here.
You climb upwards.
Welcome back to the Dungeon!
Level annotation: Jeremiah
There is a staircase to the Ecumenical Temple here.
A steam dragon comes into view.
Found a blade talisman.
The steam dragon breathes steam at you. The ball of steam hits you!
* * * LOW HITPOINT WARNING * * *
You hear a croak.
You hear a shout!
You are engulfed in a cloud of scalding steam.
You claw the steam dragon!
The steam dragon is moderately wounded.
You are engulfed in a cloud of scalding steam.
* * * LOW HITPOINT WARNING * * *
The steam dragon closely misses you. The steam dragon claws you.
* * * LOW HITPOINT WARNING * * *
You claw the steam dragon!
The steam dragon is heavily wounded.
The steam dragon bites you.
You die...

>.. #...# # .
#.####.#.# # ..##
#........#### ...
#...........# #.##
##..>..#.##..
#...##........####
#....⌠.⌠.⌠.....#
#######...8.8.8....##
#..D@§§##........#.#
#............####...#
#..#.###.##.### ##...
... #. #.##.# .... .
. #.##.# .# #.#..# ..
..% .. ###


You could see a steam dragon (catching breath).

Vanquished Creatures
  A water moccasin (D:7)
  3 scorpions (D:4)
  An iguana (D:4)
  Ijyb (D:3)
  Robin (D:3)
  2 gnolls (D:1)
  4 adders
  2 ufetubi (D:7)
  3 dart slugs (D:1)
  A ribbon worm (D:3)
  10 orcs
  7 endoplasms
  4 giant cockroaches
  17 goblins
  8 hobgoblins
  5 jackals (D:1)
  4 quokkas
  10 ball pythons
  2 bats (D:3)
  3 frilled lizards
  4 kobolds
  3 rats
96 creatures vanquished.

Notes
Turn   | Place    | Note
-------+----------+-------------------------------------------
     0 | D:1      | grandjackal the Ghoul Monk began the quest for the Orb.
     0 | D:1      | Reached XP level 1. HP: 19/19 MP: 1/1
    78 | D:1      | Reached XP level 2. HP: 13/26 MP: 2/2
   273 | D:1      | Reached XP level 3. HP: 33/33 MP: 3/3
   707 | D:1      | Reached XP level 4. HP: 40/40 MP: 4/4
  1436 | D:3      | Noticed Ijyb
  1436 | D:3      | Paralysed by Ijyb for 5 turns
  1445 | D:3      | Paralysed by Ijyb for 2 turns
  1454 | D:3      | Paralysed by Ijyb for 4 turns
  1465 | D:3      | Paralysed by Ijyb for 4 turns
  1470 | D:3      | Killed Ijyb
  1653 | D:3      | Reached XP level 5. HP: 47/47 MP: 5/5
  1681 | D:3      | Noticed Robin
  1706 | D:3      | Killed Robin
  2459 | D:4      | Reached skill level 5 in Fighting
  2459 | D:4      | Reached skill level 5 in Unarmed Combat
  2459 | D:4      | Reached XP level 6. HP: 48/56 MP: 6/6
  2706 | D:4      | You fall into a shaft and drop 3 floors!
  2752 | D:7      | Noticed Jeremiah
  2771 | D:7      | Noticed a water moccasin
  2784 | D:7      | Killed a water moccasin
  2785 | D:7      | Reached XP level 7. HP: 50/63 MP: 7/7
  2823 | D:7      | Found a staircase to the Ecumenical Temple.
  2832 | Temple   | Entered the Ecumenical Temple
  2840 | D:7      | Noticed a steam dragon
  2844 | D:7      | HP: 1/63 [steam dragon (3)]
  2845 | D:7      | Slain by a steam dragon

Illustrated notes

Levels and vault maps discovered:
D:1:      beargit_arrival_diablo_church, layout_rooms, grunt_decor_mini_mirrors,
          minmay_misc_feat_square, minmay_vboxes
D:2:      layout_basic
D:3:      layout_basic, grunt_ministairs_15, uniq_ijyb, uniq_robin
D:4:      layout_loops_corners, ashenzari_conservatory_becter,
          kennysheep_decorative_pillar, minmay_quadrilaterals
D:7:      layout_rooms, grunt_temple_overflow_order_and_chaos_1,
          nicolae_gozag_seed_capital, minmay_temple_entry_drinking_statues,
          serial_glass, glass_columns_a, glass_columns_c, glass_columns_a,
          glass_columns_a, glass_columns_c, glass_columns_a, glass_columns_c,
          glass_columns_a, minmay_gold_behind_fungi, eino_tiny_chamber,
          uniq_prince_ribbit1, uniq_jeremiah
Temple:   hellmonk_temple_two_chambers

Skill      XL: |  1  2  3  4  5  6 |
---------------+-------------------+-----
Dodging        | 3 4 |  4.0
Fighting       | 4 5 6 |  6.0
Unarmed Combat | 4 5 6 |  6.0

Action                     |  1- 3 |  4- 6 |  7- 9 || total
---------------------------+-------+-------+-------++-------
  Melee: Unarmed           |    78 |   209 |    12 ||   299
    Use: Potion            |       |     2 |     1 ||     3
 Armour: Robe              |    32 |     1 |       ||    33
         Ring mail         |       |   124 |    22 ||   146
  Dodge: Dodged            |    35 |   138 |    17 ||   190

Table legend: (Time is in decaauts)
 A = Elapsed time spent in this place.
 B = Non-inter-level travel time spent in this place.
 C = Inter-level travel time spent in this place.
 D = Time resting spent in this place.
 E = Time spent auto-exploring this place.
 F = Levels seen in this place.
 G = Mean time per level.
                   A        B        C        D        E       F      G
               +--------+--------+--------+--------+--------+-----+--------+
         Total |   2820 |   2677 |    143 |    191 |   1821 |   6 |  470.0 |
       Dungeon |   2818 |   2675 |    143 |    191 |   1821 |   5 |  563.6 |
        Temple |      1 |      1 |      0 |      0 |      0 |   1 |    1.0 |
               +--------+--------+--------+--------+--------+-----+--------+

Top non-repeatable levels by time:
     D:3: 941 daAuts
     D:1: 791 daAuts
     D:2: 522 daAuts
     D:4: 427 daAuts
     D:7: 135 daAuts
  Temple: 1 daAuts
